 Dungeon Crawl Stone Soup version 0.20-a0-1062-g7b787ac (webtiles) character file.

1520 Gorglomux the Cleaver (level 8, -2/96 HPs)
             Began as a Hill Orc Monk on Apr 27, 2017.
             Was a Priest of Okawaru.
             Splashed by a jelly's acid (4 damage)
             ... on level 6 of the Dungeon.
             The game lasted 00:12:55 (7911 turns).

Gorglomux the Cleaver (Hill Orc Monk)               Turns: 7911, Time: 00:12:56

Health: -2/96      AC: -2    Str: 20    XL:     8   Next: 84%
Magic:  6/8        EV: 11    Int: 10    God:    Okawaru [***...]
Gold:   718        SH:  0    Dex: 14    Spells: 7/7 levels left

rFire    . . .     SeeInvis .   a - +1 hand axe
rCold    . . .     Gourm    .   (no shield)
rNeg     + . .     Faith    .   C - +0 chain mail (curse)
rPois    .         Spirit   .   (no helmet)
rElec    .         Reflect  .   (no cloak)
rCorr    .         Harm     .   (no gloves)
MR       .....                  (no boots)
Stlth    ..........             (no amulet)
Regen    0.3/turn               h - ring of positive energy {rN+}
MPRegen  0.2/turn               (no ring)

@: berserking, heroism, corroded, very quick
A: no striking features
a: Heroism, Renounce Religion


You were on level 6 of the Dungeon.
You worshipped Okawaru.
Okawaru was most pleased with you.
You were not hungry.

You visited 1 branch of the dungeon, and saw 7 of its levels.

You collected 718 gold pieces.

Inventory:

Hand Weapons
 a - a +1 hand axe (weapon)
Missiles
 w - 3 tomahawks (quivered)
Armour
 u - a +0 leather armour
   (You found it on level 3 of the Dungeon)
 C - a cursed +0 chain mail (worn)
   (You found it on level 6 of the Dungeon)
Magical Staves
 v - an uncursed staff of cold {unknown}
   (You found it on level 4 of the Dungeon)
Jewellery
 h - a ring of positive energy (left hand) {rN+}
   (You found it on level 1 of the Dungeon)
 y - the amulet "Luklimma" {Inacc MR+++ Int-4 SInv}
   (You found it on level 5 of the Dungeon)

   [amulet of inaccuracy]

   It reduces the accuracy of all your attacks.
   It affects your intelligence (-4).
   It affects your resistance to hostile enchantments.
   It lets you see invisible.
Scrolls
 d - 2 scrolls of enchant weapon
 e - a scroll of identify
 f - a scroll of fear {unknown}
 g - 2 scrolls of enchant armour {unknown}
 k - 4 scrolls of remove curse
 l - 2 scrolls of teleportation
 m - 3 scrolls of recharging {unknown}
 r - a scroll of immolation {!r}
 t - a scroll of noise {unknown}
Potions
 j - a potion of agility
 o - a potion of curing
 x - a potion of haste
 z - 2 potions of lignification {unknown}
 A - a potion of flight {unknown}
 B - a potion of might {unknown}
Comestibles
 b - 9 chunks of flesh {@w0@w0}
 c - 10 bread rations {@e1@e1}
 p - 3 meat rations {@e2@e2}
 q - 5 fruits
 s - 3 royal jellies


   Skills:
 - Level 3.6(8.6) Fighting
 + Level 13.8(18.8) Axes
 - Level 2.4(7.4) Dodging
 - Level 1.5(6.5) Stealth


You had 7 spell levels left.
You didn't know any spells.

Dungeon Overview and Level Annotations

Branches:
Dungeon (7/15)             Temple (0/1) D:6

Altars:
Ashenzari
Cheibriados
Makhleb
Okawaru
Uskayaw
Vehumet


Message History

You closely miss the orc. You slash the orc!
You kill the orc!
Okawaru accepts your kill.
You hit the orc. You closely miss the orc. You hit the orc but do no damage.
Your chain mail prevents you from hitting the orc.
You hit the orc. The orc hits you but does no damage. x2
You hit the orc. x2
You kill the orc!
Okawaru accepts your kill. The orc hits you with a whip.
You take 1 damage, and have 63/64 hp.
You closely miss the orc. You hit the orc.
You kill the orc!
Okawaru accepts your kill.
No target in view!
No target in view!
Things that are here:
a whip; a club; an orc corpse; Health restored: 64 You butcher the orc corpse.
b - 9 chunks of flesh {@w0@w0} (gained 2)
Things that are here:
a whip; a club There isn't anything to butcher here.
Things that are here:
a short sword; a leather armour There isn't anything to butcher here.
There isn't anything to butcher here.
q - 5 fruits (gained 3)
A jelly comes into view.
The jelly quivers.
The jelly closely misses you.
An acid dragon comes into view.
The acid dragon roars!
You hit the jelly but do no damage.
Your hands burn!
The jelly barely misses you.
You take 2 damage, and have 62/64 hp.
You hit the jelly.
Your hands burn!
A bullfrog comes into view.
You take 5 damage, and have 57/64 hp.
You hit the jelly.
Your hands burn!
The jelly barely misses you.
You take 2 damage, and have 55/64 hp.
You slash the jelly!
Your hands burn!
The jelly hits you. The acid corrodes you!
You are splashed with acid!
The acid burns!
You take 15 damage, and have 40/64 hp.
MASSIVE DAMAGE!!
You gain the combat prowess of a mighty hero.
The jelly hits you. The acid corrodes you!
You are splashed with acid!
The acid burns!
You take 12 damage, and have 28/64 hp.
You now have 6/8 mp.
You hit the jelly.
Your hands burn!
You punch the jelly, but do no damage.
You take 1 damage, and have 27/64 hp.
Unknown command.
You hit the jelly but do no damage.
Your hands burn!
The jelly hits you but does no damage.
You take 3 damage, and have 24/64 hp.
You hit the jelly but do no damage.
Your hands burn!
You take 2 damage, and have 22/64 hp.
You hit the jelly but do no damage. The acid corrodes you!
Your hands burn!
You hit the bullfrog. The jelly hits you.
* * * LOW HITPOINT WARNING * * *
You are splashed with acid!
The acid burns!
* * * LOW HITPOINT WARNING * * *
The bullfrog hits you.
* * * LOW HITPOINT WARNING * * *
You take 12 damage, and have 10/64 hp.
Unknown command.
Okay, then.
You feel much better. The bullfrog barely misses you. The jelly hits you.
You are splashed with acid!
The acid burns!
* * * LOW HITPOINT WARNING * * *
The bullfrog hits you.
* * * LOW HITPOINT WARNING * * *
You take 2 damage, and have 8/64 hp.
Unknown command.
Really quaff
i - a potion of berserk rage {!q}?
A red film seems to cover your vision as you go berserk!
You feel yourself moving faster!
You feel mighty! The bullfrog barely misses you. The jelly barely misses you.
You now have 12/96 hp.
You miss the bullfrog. You hit the jelly.
Your hands burn!
* * * LOW HITPOINT WARNING * * *
The bullfrog misses you.
You closely miss the bullfrog. You hit the jelly but do no damage.
Your hands burn!
* * * LOW HITPOINT WARNING * * *
The jelly closely misses you. The bullfrog hits you.
* * * LOW HITPOINT WARNING * * *
You take 7 damage, and have 5/96 hp.
Your chain mail prevents you from hitting the bullfrog.
You completely miss the jelly. You completely miss the bullfrog.
You hit the jelly but do no damage.
Your hands burn!
* * * LOW HITPOINT WARNING * * *
The bullfrog closely misses you.
You take 3 damage, and have 2/96 hp.
You completely miss the bullfrog. You slash the jelly!
Your hands burn!
You die...

#....#(.⌠.# .#....#.#
#...)'....# .....#.#
#....###########F...#.#
#....#.........#...D#.#
#....#.........#....#.#
#....#.........#....#.#
#....#.........#8...#.#
#'########.########.#.#
#...P#.........#@FD.#.#
#P...#.........#.J..#.#
#...P#.........#....#.#
#P...#.........#....#.#
#...P#.........#....#.#
#P...#.........#....#.#
#...P#.........#....#.#
#P...#.........#)...#.#
#...............)...#.#


You could see an acid dragon, a bullfrog and a jelly.

Vanquished Creatures
  Eustachio (D:4)
  3 phantoms
  An ogre (D:5)
  A centaur (D:6)
  Blork the orc (D:5)
  2 bullfrogs (D:6)
  A scorpion (D:5)
  2 crimson imps (D:6)
  A quasit (D:4)
  2 hounds
  A jelly (D:5)
  2 orc priests
  3 orc wizards (D:7)
  3 worker ants
  A hound zombie (D:5)
  A killer bee simulacrum (D:6)
  A worker ant zombie (D:5)
  4 gnolls
  8 adders
  A shadow imp (D:5)
  An ooze (D:1)
  2 adder skeletons
  3 worms (D:4)
  2 dart slugs
  5 leopard geckos
  20 orcs
  2 ball pythons
  7 bats
  2 giant cockroaches
  10 goblins
  6 hobgoblins
  16 jackals
  4 kobolds
  A quokka (D:6)
  4 frilled lizards
  A jackal zombie (D:5)
  A quokka skeleton (D:6)
  A quokka zombie (D:6)
  5 rats
133 creatures vanquished.

Notes
Turn   | Place    | Note
-------+----------+-------------------------------------------
     0 | D:1      | Gorglomux the Hill Orc Monk began the quest for the Orb.
     0 | D:1      | Reached XP level 1. HP: 19/19 MP: 1/1
   107 | D:1      | Found a shattered altar of Ashenzari.
   291 | D:1      | Reached XP level 2. HP: 25/26 MP: 2/2
   576 | D:1      | Reached skill level 5 in Axes
   893 | D:1      | Reached XP level 3. HP: 17/31 MP: 3/3
  1037 | D:1      | HP: 6/31 [gnoll/spear (11)]
  1296 | D:2      | Reached skill level 6 in Axes
  1488 | D:2      | Found a radiant altar of Vehumet.
  1496 | D:2      | Reached XP level 4. HP: 39/39 MP: 4/4
  1983 | D:2      | Found a faded altar of an unknown god.
  2414 | D:3      | Reached skill level 7 in Axes
  2571 | D:3      | HP: 9/39 [orc priest/short sword (6)]
  2576 | D:3      | HP: 7/39 [orc priest/short sword (1)]
  2578 | D:3      | Reached XP level 5. HP: 9/45 MP: 5/5
  3014 | D:3      | Found an iron altar of Okawaru.
  3025 | D:3      | Became a worshipper of Warmaster Okawaru
  3025 | D:3      | Reached * piety under Okawaru
  3025 | D:3      | Reached ** piety under Okawaru
  3208 | D:4      | Reached skill level 8 in Axes
  3309 | D:4      | Found a snail-covered altar of Cheibriados.
  3460 | D:4      | Noticed Eustachio
  3484 | D:4      | Killed Eustachio
  3484 | D:4      | Reached skill level 9 in Axes
  3484 | D:4      | Reached XP level 6. HP: 42/51 MP: 3/6
  3585 | D:4      | You fall through a shaft for 2 floors!
  3756 | D:6      | Found a staircase to the Ecumenical Temple.
  3806 | D:5      | Entered Level 5 of the Dungeon
  3854 | D:5      | Noticed a phantom
  4093 | D:4      | Reached XP level 7. HP: 39/57 MP: 7/7
  4248 | D:4      | Reached skill level 10 in Axes
  4288 | D:4      | HP: 10/57 [phantom (6)]
  4316 | D:4      | HP: 8/57 [phantom (7)]
  4328 | D:4      | HP: 3/57 [worm (7)]
  4377 | D:4      | HP: 10/57 [phantom (2)]
  4405 | D:4      | HP: 13/57 [phantom (8)]
  4418 | D:4      | HP: 14/57 [phantom (1)]
  4420 | D:4      | HP: 5/57 [phantom (9)]
  5405 | D:5      | Reached skill level 11 in Axes
  5725 | D:5      | Reached *** piety under Okawaru
  5901 | D:5      | Found a hide-covered altar of Uskayaw.
  5923 | D:5      | HP: 11/57 [scorpion (5)]
  5923 | D:5      | HP: 5/57 [worker ant zombie (6)]
  5930 | D:5      | HP: 4/57 [scorpion (3)]
  5931 | D:5      | Reached XP level 8. HP: 4/64 MP: 8/8
  6413 | D:5      | Reached skill level 12 in Axes
  6537 | D:5      | Noticed Blork the orc
  6553 | D:5      | Killed Blork the orc
  6558 | D:5      | Got a brightly glowing bone amulet
  6559 | D:5      | Identified the amulet "Luklimma" {Inacc MR+++ Int-4 SInv} (You found it on level 5 of the Dungeon)
  7494 | D:7      | Found a burning altar of Makhleb.
  7568 | D:6      | Reached skill level 13 in Axes
  7903 | D:6      | HP: 12/64 [acid (7)]
  7908 | D:6      | HP: 7/96 [acid (5)]
  7910 | D:6      | HP: 2/96 [acid (3)]
  7911 | D:6      | Splashed by a jelly's acid

Vault maps used:
D:1:      ncdulo_halloftheorcs, minmay_misc_feat_alley, ashenzari_altar_1
D:2:      nicolae_overflow_crystal_walls, chequers_ecumenical_altar_simple_redux
D:3:      first_bread, lemuel_tele_altar
D:4:      kennysheep_slug_shrine, uniq_eustachio
D:5:      eat_drink_and_be_merry_uskayaw, uniq_blork_the_orc
D:6:      minmay_klotski, temple_statues, minmay_fountain_box
D:7:      basic_altar

Skill      XL: |  1  2  3  4  5  6  7  8 |
---------------+-------------------------+-----
Axes           | 5 6 7 9 11 13 | 13.8
Fighting       | |  3.6
Dodging        | |  2.4
Stealth        | |  1.5

Action                   |  1- 3 |  4- 6 |  7- 9 || total
-------------------------+-------+-------+-------++-------
Melee: Hand axe          |    67 |   220 |   379 ||   666
       Punch             |       |       |     2 ||     2
Throw: Tomahawk          |       |    43 |    56 ||    99
Invok: Heroism           |       |     1 |     5 ||     6
  Use: Potion            |       |       |     3 ||     3
       Scroll            |       |       |     8 ||     8
 Stab: Sleeping          |     3 |     3 |       ||     6
  Eat: Chunk             |     2 |     8 |    11 ||    21
       Royal jelly       |       |       |     1 ||     1
Armor: Robe              |     5 |    12 |       ||    17
       Leather armour    |       |    15 |    26 ||    41
       Chain mail        |       |       |    47 ||    47
Dodge: Dodged            |    37 |   118 |   126 ||   281

Vault maps used:
D:1:      ncdulo_halloftheorcs, minmay_misc_feat_alley, ashenzari_altar_1
D:2:      nicolae_overflow_crystal_walls, chequers_ecumenical_altar_simple_redux
D:3:      first_bread, lemuel_tele_altar
D:4:      kennysheep_slug_shrine, uniq_eustachio
D:5:      eat_drink_and_be_merry_uskayaw, uniq_blork_the_orc
D:6:      minmay_klotski, temple_statues, minmay_fountain_box
D:7:      basic_altar

Table legend:
 A = Turns spent in this place as a percentage of turns spent in the entire game.
 B = Non-inter-level travel turns spent in this place as a percentage of non-inter-level travel turns spent in the entire game.
 C = Inter-level travel turns spent in this place as a percentage of turns spent in this place.
 D = Turns resting spent in this place as a percentage of non-inter-level travel turns spent in this place.
 E = Turns spent auto-exploring this place as a percentage of non-inter-level travel turns spent in this place.
 F = Non-inter-level travel turns spent in this place divided by the number of levels of this place that you've seen.
                   A       B       C       D       E      F
               +-------+-------+-------+-------+-------+----------------------
         Total | 100.0 | 100.0 |   0.5 |   2.7 |   7.0 | 332.7
       Dungeon | 100.0 | 100.0 |   0.5 |   2.7 |   7.0 | 332.7
               +-------+-------+-------+-------+-------+----------------------

Table legend:
 A = Kills in this place as a percentage of kills in entire the game.
 B = Kills by you in this place as a percentage of kills by you in the entire game.
 C = Kills by friends in this place as a percentage of kills by friends in the entire game.
 D = Other kills in this place as a percentage of other kills in the entire game.
 E = Experience gained in this place as a percentage of experience gained in the entire game.
 F = Experience gained in this place divided by the number of levels of this place that you have seen.
                   A       B       C       D       E      F
               +-------+-------+-------+-------+-------+----------------------
         Total | 100.0 | 100.0 |  -nan |  -nan | 100.0 | 310.3
       Dungeon | 100.0 | 100.0 |  -nan |  -nan | 100.0 | 310.3
               +-------+-------+-------+-------+-------+----------------------
